 Dungeon Crawl Stone Soup version 0.16-a0-2652-gd333f3b (console) character file.

268 utis the Cudgeler (level 6, 0/37 HPs)
             Began as a Kobold Fighter on Nov 23, 2014.
             Succumbed to kobold's curare-tipped needle
             ... on level 2 of the Dungeon.
             The game lasted 00:08:05 (3915 turns).

utis the Cudgeler (Kobold Fighter)                  Turns: 3915, Time: 00:08:06

Health: 0/37       AC:  7    Str: 15    XL:     6   Next: 45%
Magic:  6/6        EV: 10    Int:  8    God:
Gold:   127        SH:  5    Dex: 15    Spells: 0 memorised, 5 levels left

rFire  . . .     SeeInvis .     a - +0 morningstar
rCold  . . .     Clarity  .     b - +0 scale mail
rNeg   . . .     SustAb   .     c - +0 buckler
rPois  .         Gourm    .     (no helmet)
rElec  .         Spirit   .     i - +0 cloak
rCorr  .         Warding  .     (no gloves)
rMut   .         Stasis   .     (no boots)
MR     .....                    (no amulet)
Stlth  ..........               (no ring)
                                (no ring)

@: lethally poisoned, slowed, very slow, not resistant to hostile enchantments,
extremely unstealthy
A: carnivore 3
a: no special abilities


You were on level 2 of the Dungeon.
You were completely stuffed.

You visited 1 branch of the dungeon, and saw 3 of its levels.

You collected 127 gold pieces.

Inventory:

Hand weapons
 a - a +0 morningstar (weapon)
 t - a +0 flail
Missiles
 f - 30 sling bullets
 m - 61 stones (quivered)
Armour
 b - a +0 scale mail (worn)
 c - a +0 buckler (worn)
 i - a +0 cloak (worn)
Magical devices
 q - a wand of slowing (23)
Scrolls
 g - 5 scrolls of identify
 h - a scroll of recharging
 j - a scroll of teleportation {unknown}
 k - a scroll of fog {unknown}
 l - a scroll of random uselessness {unknown}
 p - 3 scrolls of remove curse {unknown}
Potions
 e - 2 potions of might
 r - a potion of resistance
Comestibles
 d - 4 meat rations
 n - a slice of pizza
 s - 2 chunks of flesh


   Skills:
 - Level 3.2 Fighting
 + Level 6.3 Maces & Flails
 - Level 2.4 Armour
 - Level 2.4 Shields


You had 5 spell levels left.
You didn't know any spells.

Dungeon Overview and Level Annotations

Branches:
Dungeon (3/15)

Altars:
Fedhas

Annotations:
D:2 exclusion: oklob plant


Innate Abilities, Weirdness & Mutations

You are small and have problems with some larger weapons.
You are carnivorous and can eat meat at any time.


Message History

Drink which item? (? for menu, Esc to quit)
You have got your breath back.
It was a potion of restore abilities.
* * * LOW HITPOINT WARNING * * *
You feel sick.
Drink which item? (? for menu, Esc to quit)
Okay, then.
There is a lethal amount of poison in your body!
Unknown command.
There is a lethal amount of poison in your body!
* * * LOW HITPOINT WARNING * * *
You feel sick.
Unknown command.
* * * LOW HITPOINT WARNING * * *
You feel sick.
* * * LOW HITPOINT WARNING * * *
You feel sick.
* * * LOW HITPOINT WARNING * * *
You feel sick.
You die...

▓▓▓ ▓▓▓▓▓ ▓▓▓▓▓▓▓ ▓▓▓▓▓▓▓▓.▓
▓...▓ ▓.....▓▓▓........▓ ▓...▓
▓.........▓▓..▓▓)▓ ▓...▓
▓.........▓▓..▓▓.▓ ▓...▓
▓.........▓▓..▓▓.▓▓
▓▓▓▓▓▓▓...▓▓▓▓▓.........▓▓.......
......'...'.....K.▓▓.▓..▓▓...▓.▓.
▓▓.............▓.....▓..▓▓...▓.▓.
▓.▓▓▓▓▓▓▓▓▓▓▓.▓▓▓▓▓▓▓▓▓▓▓.....▓.
▓▓.▓▓⚵⚶⚶⚶⚶.⚶⚶▓.▓⚵♣⚶.⚵⚵⚶⚵⚶▓.▓▓▓▓▓.
...▓♣⚵⚶⚵♣♣⚶.⚶▓.▓▓⚶.⚶♣▓▓▓⚶▓.......
▓▓.▓⚵.⚶▓⚶⚵⚶.......⚵⚶♣⚶⚶♣♣▓...▓▓▓▓
▓.▓ ♣⚵⚵⚵⚶..≈≈≈≈≈...▓⚵⚶⚶♣▓▓▓)▓▓▓▓
▓.▓⚵⚵♣⚶⚶..≈≈≈≈≈≈≈..⚶⚵⚶⚶▓▓......▓
▓.▓⚶⚶▓⚵..≈≈≈≈≈≈≈≈≈..⚶▓⚶⚶▓......▓


There were no monsters in sight!

Vanquished Creatures
  The ghost of RobertPalmer the Sneak, an average OpWn (D:3)
  An orc priest (D:3)
  3 gnolls (D:3)
  2 adders (D:2)
  7 orcs (D:3)
  A ball python (D:1)
  10 bats
  4 giant cockroaches
  10 hobgoblins
  A giant gecko (D:3)
  2 giant newts (D:1)
  9 goblins
  7 kobolds
  14 rats
72 creatures vanquished.

Notes
Turn   | Place    | Note
--------------------------------------------------------------
     0 | D:1      | utis, the Kobold Fighter, began the quest for the Orb.
     0 | D:1      | Reached XP level 1. HP: 14/14 MP: 1/1
   330 | D:1      | Reached XP level 2. HP: 19/19 MP: 2/2
   829 | D:1      | Reached XP level 3. HP: 21/23 MP: 3/3
  1924 | D:2      | Reached skill level 4 in Maces & Flails
  1924 | D:2      | Reached XP level 4. HP: 28/28 MP: 4/4
  2229 | D:2      | Found a blossoming altar of Fedhas.
  2279 | D:2      | Noticed an oklob plant
  3215 | D:3      | Reached XP level 5. HP: 32/32 MP: 5/5
  3543 | D:3      | Reached skill level 5 in Maces & Flails
  3823 | D:3      | Noticed RobertPalmer's ghost (average OpWn)
  3873 | D:3      | Killed RobertPalmer's ghost
  3873 | D:3      | Reached skill level 6 in Maces & Flails
  3873 | D:3      | Reached XP level 6. HP: 34/37 MP: 6/6
  3913 | D:2      | HP: 1/37 [poisoned by kobold (curare-tipped needle)]
  3915 | D:2      | Succumbed to kobold's curare-tipped needle

Action                   |  1- 3 |  4- 6 || total
-------------------------+-------+-------++-------
Melee: Flail             |    99 |    44 ||   143
       Morningstar       |       |    54 ||    54
Throw: Stone             |     6 |    22 ||    28
  Use: Scroll            |     1 |       ||     1
       Potion            |       |     1 ||     1
  Eat: Chunk             |    12 |     6 ||    18
